 Dungeon Crawl Stone Soup version 0.31-a0-339-gda1cbd5 (webtiles) character file.

Game seed: 16742519577748422405

8382 Vlans the Grappler (level 11, -9/107 HPs)
             Began as a Troll Shapeshifter on July 20, 2023.
             Was an Elder of Okawaru.
             Mangled by a two-headed ogre
             ... wielding the +10 dark maul {heavy}
              (43 damage)
             ... on level 9 of the Dungeon.
             The game lasted 00:21:10 (6712 turns).

Vlans the Grappler (Troll Shapeshifter)             Turns: 6712, Time: 00:21:11

Health: -9/107     AC:  7    Str: 25    XL:     11   Next: 9%
Magic:  13/13      EV: 10    Int:  4    God:    Okawaru [****..]
Gold:   596        SH:  5    Dex: 20    Spells: 10/10 levels left

rFire   . .          .
                       - Unarmed
rCold   + . .        (no shield)
rNeg    . . .        C - +0 steam dragon scales
rPois   .            (helmet currently unavailable)
rElec   .            (cloak currently unavailable)
rCorr   .            (gloves unavailable)
SInv    .            (boots unavailable)
Will    .....        D - amulet of reflection
Stlth   ++           e - ring of protection from cold
HPRegen 1.17/turn    p - +6 ring of dexterity
MPRegen 0.13/turn

%: reflection
@: beast-form
A: beast (slay +5), large, unfitting armour, claws 3, regeneration 1, shaggy fur
1, tough skin 1
a: Begin Untransformation, Renounce Religion, Heroism, Finesse


You were on level 9 of the Dungeon.
You worshipped Okawaru.
Okawaru was greatly pleased with you.
You were a hulking beast.
You visited 2 branches of the dungeon, and saw 10 of its levels.
You also visited: Bailey.

You collected 596 gold pieces.

Inventory:

Missiles
 i - 7 javelins (quivered)
 n - 2 throwing nets
Armour
 C - +0 steam dragon scales (worn)
Jewellery
 e - a ring of protection from cold (left claw)
 p - a +6 ring of dexterity (right claw)
 D - an amulet of reflection (around neck)
Talismans
 c - a beast talisman
 l - a blade talisman
 s - a maw talisman
Wands
 k - a wand of polymorph (14)
 G - a wand of flame (27)
Scrolls
 f - a scroll of fear {unknown}
 g - 3 scrolls of fog
 m - 2 scrolls of poison {unknown}
 q - a scroll of summoning
 t - 3 scrolls of teleportation
 w - 2 scrolls of blinking {unknown}
 x - a scroll of enchant armour {unknown}
 y - 2 scrolls of revelation
 A - a scroll of enchant weapon {unknown}
 B - a scroll of noise {unknown}
 H - 2 scrolls of vulnerability {unknown}
 I - a scroll of silence {unknown}
Potions
 a - 6 potions of mutation {unknown}
 b - 3 potions of lignification
 d - 11 potions of curing
 h - 3 potions of haste
 j - 4 potions of brilliance
 o - 2 potions of might
 r - a potion of ambrosia
 u - 2 potions of heal wounds
 v - a potion of cancellation {unknown}
 z - a potion of berserk rage {unknown}
 F - a potion of attraction {unknown}
Miscellaneous
 E - a lightning rod (4/4)


   Skills:
 + Level 6.8 Fighting
 + Level 0.6 Throwing
 - Level 1.5 Dodging
 * Level 11.9 Unarmed Combat
 + Level 4.8 Invocations
 + Level 7.5 Shapeshifting


You had 10 spell levels left.
You didn't know any spells.
Your spell library contained the following spells:

 Spells                   Type           Power      Damage    Failure   Level
 Apportation              Tloc           0%         N/A       50%         1
 Freeze                   Ice            0%         1d3       50%         1
 Necrotise                Necr           0%         1d4       50%         1
 Sandblast                Erth           0%         2d4       50%         1
 Passwall                 Tmut/Erth      0%         N/A       65%         2
 Frozen Ramparts          Ice            0%         1d1       86%         3
 Hailstorm                Conj/Ice       0%         3d3       86%         3
 Ignite Poison            Fire/Tmut/Pois 0%         N/A       86%         3
 Stone Arrow              Conj/Erth      0%         3d7       86%         3
 Sticky Flame             Conj/Fire      0%         2d3       99%         4
 Ignition                 Fire           0%         3d3       100%        8
 Summon Small Mammal      Summ           Unusable   N/A       N/A         1
 Animate Dead             Necr           Unusable   N/A       N/A         4
 Haunt                    Necr/Summ      Unusable   N/A       N/A         7
 Infestation              Necr           Unusable   N/A       N/A         8

Dungeon Overview and Level Annotations

Branches:
Dungeon (9/15)             Temple (1/1) D:7          Bailey (visited)
   Lair: D:8-11         Orc: D:9-12

Altars:
Cheibriados
Dithmenos
Elyvilon
Fedhas
Gozag
Hepliaklqana
Kikubaaqudgha
Makhleb
Nemelex Xobeh
Okawaru
Qazlal
Ru
Sif Muna
Trog
Uskayaw
Vehumet
Wu Jian
Xom
Yredelemnul
Zin
The Shining One

Shops:
D:2 :   D:3 *=   D:4 (([[


Innate Abilities, Weirdness & Mutations

You are a hulking beast.
Your limbs bulge with bestial killing power. (Slay +5)
You are too large for most types of armour.
You have claws for hands.
Your natural rate of healing is unusually fast.
You are covered in fur. (AC +1)
You have tough skin. (AC +1)


Message History

There is a large open door here.
An orc warrior comes into view. It is wielding a +0 scimitar.
The orc warrior shouts!
You hear two shouts!
You hear a shout!
The orc warrior unwields a +0 scimitar.
The orc warrior wields a +0 arbalest.
The orc warrior shoots a bolt.
You block the bolt with an invisible shield... and reflect it back!
The bolt barely misses the orc warrior.
A two-headed ogre comes into view.
It is wielding the +10 dark maul {heavy} and a +0 dire flail.
A cyclops comes into view.
Found a scroll labelled MEPSABRAURO.
The cyclops shouts!
The cyclops throws a large rock.
You block the large rock with an invisible shield... and reflect it back!
The large rock hits the cyclops!
The two-headed ogre attacks as you move away!
The two-headed ogre hits you with the +10 dark maul {heavy}.
The two-headed ogre completely misses you.
The cyclops hits you.
You scratch the cyclops but do no damage.
The cyclops is moderately wounded.
The orc warrior shoots a bolt.
The bolt barely misses you. The cyclops closely misses you.
The cyclops closely misses you.
The orc warrior shoots a bolt.
The bolt closely misses you.
The two-headed ogre hits you with the +10 dark maul {heavy}!!!!
Ouch! That really hurt!
* * * LOW HITPOINT WARNING * * *
The two-headed ogre hits you with a +0 dire flail!
* * * LOW HITPOINT WARNING * * *
There is a large open door here.
The two-headed ogre attacks as you move away!
The two-headed ogre barely misses you. You block the two-headed ogre's attack.
The orc warrior shoots a bolt.
The bolt hits you!
* * * LOW HITPOINT WARNING * * *
The orc warrior shoots a bolt.
The bolt barely misses you.
There is a large open door here.
The orc warrior shoots a bolt.
The bolt barely misses you.
The two-headed ogre attacks as you move away!
The two-headed ogre hits you with the +10 dark maul {heavy}!!!
You die...

##.### ##.....
##..# #.....
###..## ##....
#...## #..##
##.### #..# #.##
#.# ###h# ##.O.#
#..### #..# #..#
#''###############
#..#.........?....
#.o#..#.........#
#..#..#.........#


You could see a two-headed ogre.

Vanquished Creatures
  An orc warlord (Bailey)
  3 two-headed ogres
  A centaur warrior (D:8)
  An ugly thing (D:8)
  Maggie (D:6)
  Sigmund (D:3)
  2 wraiths (D:8)
  A wyvern (D:9)
  3 yaks (D:9)
  Eustachio (D:4)
  3 black bears (D:5)
  11 orc warriors
  2 ogres
  4 centaurs
  A phantom (D:6)
  2 kobold brigands
  2 bullfrogs (D:8)
  A gnoll sergeant (D:7)
  A scorpion (D:7)
  4 wights (D:7)
  4 crimson imps (D:8)
  2 jellies
  A hound (D:6)
  4 orc priests
  Crazy Yiuf (D:4)
  6 iguanas
  3 sleepcaps
  3 orc wizards
  A statue (D:6)
  6 gnolls
  6 adders
  A shadow imp (D:5)
  2 white imps
  A worm (D:3)
  22 orcs
  3 bats
  7 endoplasms
  4 giant cockroaches
  17 goblins
  17 hobgoblins
  7 quokkas
  A ball python (D:2)
  3 frilled lizards
  20 kobolds
  9 rats
197 creatures vanquished.

Vanquished Creatures (others)
  An orc wizard (D:6)
1 creature vanquished.

Grand Total: 198 creatures vanquished

Notes
Turn   | Place    | Note
-------+----------+-------------------------------------------
     0 | D:1      | Vlans the Troll Shapeshifter began the quest for the Orb.
     0 | D:1      | Reached XP level 1. HP: 18/18 MP: 0/0
   144 | D:1      | Reached skill level 1 in Fighting
   164 | D:1      | Reached XP level 2. HP: 27/27 MP: 1/1
   216 | D:1      | You fall into a shaft and drop 1 floor!
   307 | D:1      | Found a faded altar of an unknown god.
   732 | D:2      | Reached XP level 3. HP: 33/33 MP: 2/2
   999 | D:2      | Found Xuicvacs's Book Shop.
  1001 | D:2      | Reached skill level 4 in Unarmed Combat
  1376 | D:3      | Found Qutwaac's Jewellery Emporium.
  1379 | D:3      | Reached XP level 4. HP: 41/41 MP: 3/3
  1479 | D:3      | Found an opulent altar of Gozag.
  1483 | D:3      | Found Gozag's Platinum Reserve.
  1556 | D:3      | Noticed Sigmund
  1562 | D:3      | Killed Sigmund
  1563 | D:3      | Reached skill level 5 in Unarmed Combat
  1563 | D:3      | Reached XP level 5. HP: 50/50 MP: 4/4
  2076 | D:4      | Found Meoquxu's Antique Weapon Emporium.
  2135 | D:4      | Found Imicihaq's Antique Armour Shop.
  2168 | D:4      | Found Peodedo's Antique Weapon Shoppe.
  2264 | D:4      | Found a runed translucent door.
  2265 | D:4      | Noticed Crazy Yiuf
  2274 | D:4      | Killed Crazy Yiuf
  2275 | D:4      | Reached XP level 6. HP: 19/59 MP: 5/5
  2549 | D:4      | Identified the +3 sling "Tufrowug" {freeze, *Slow Will++
                  | Str-4 Dex+3}
  2580 | D:4      | Noticed Eustachio
  2603 | D:4      | Killed Eustachio
  2816 | D:4      | Found Xuq Xich's Antique Armour Shop.
  2869 | D:4      | Found a glowing golden altar of the Shining One.
  3154 | D:5      | Entered Level 5 of the Dungeon
  3168 | D:5      | Reached skill level 6 in Unarmed Combat
  3168 | D:5      | Reached XP level 7. HP: 53/67 MP: 6/6
  3824 | D:6      | Reached skill level 7 in Unarmed Combat
  3849 | D:6      | Reached XP level 8. HP: 78/78 MP: 7/7
  4024 | D:6      | Reached skill level 5 in Shapeshifting
  4064 | D:6      | Noticed Maggie
  4082 | D:6      | Killed Maggie
  4083 | D:6      | Reached skill level 8 in Unarmed Combat
  4305 | D:6      | Found a hazy altar of Hepliaklqana.
  4359 | D:6      | Found an ancient bone altar of Kikubaaqudgha.
  4435 | D:6      | Found a radiant altar of Vehumet.
  4678 | D:7      | Reached XP level 9. HP: 61/84 MP: 8/8
  4782 | D:7      | Reached skill level 9 in Unarmed Combat
  4787 | D:7      | Reached skill level 5 in Fighting
  4825 | D:7      | Found a staircase to the Ecumenical Temple.
  4844 | Temple   | Entered the Ecumenical Temple
  4861 | Temple   | Became a worshipper of Warmaster Okawaru
  5229 | D:8      | Reached skill level 1 in Invocations
  5254 | D:8      | Found a flagged portal.
  5276 | Bailey   | Entered a bailey
  5415 | Bailey   | Reached * piety under Okawaru
  5474 | Bailey   | Reached skill level 10 in Unarmed Combat
  5522 | Bailey   | Noticed an orc warlord
  5771 | Bailey   | Acquired an amulet of reflection
  5802 | Bailey   | Killed an orc warlord
  5802 | Bailey   | Reached ** piety under Okawaru
  5803 | Bailey   | Reached XP level 10. HP: 75/98 MP: 8/11
  5853 | D:8      | Found a shimmering altar of Xom.
  6040 | D:8      | Noticed a centaur warrior
  6040 | D:8      | Noticed a red ugly thing
  6049 | D:8      | Killed a red ugly thing
  6055 | D:8      | Reached skill level 11 in Unarmed Combat
  6059 | D:8      | Killed a centaur warrior
  6093 | D:8      | Noticed a two-headed ogre
  6102 | D:8      | Killed a two-headed ogre
  6102 | D:8      | Reached *** piety under Okawaru
  6433 | D:9      | Noticed a two-headed ogre
  6451 | D:8      | Killed a two-headed ogre
  6451 | D:8      | Reached **** piety under Okawaru
  6516 | D:9      | Received a gift from Okawaru
  6526 | D:9      | Reached XP level 11. HP: 98/107 MP: 13/13
  6629 | D:9      | Noticed a two-headed ogre
  6638 | D:9      | Killed a two-headed ogre
  6671 | D:9      | Noticed a two-headed ogre
  6712 | D:9      | Mangled by a two-headed ogre

Illustrated notes

Levels and vault maps discovered:
D:1:      sevenhm_arrival_forest_fort_large_2, layout_loops_cross,
          ebering_ecumenical_altar_box, st_stairs_8
D:2:      layout_basic, serial_shops, shop
D:3:      layout_loops_corners, nicolae_gozag_zags_fifth_avenue, serial_shops,
          nicolae_shop_tiny_real_fake_doors, kennysheep_cross_room,
          nicolae_figureground_pulse, uniq_sigmund
D:4:      layout_loops_corners, nicolae_tso_swordbearing_angel, serial_shops,
          shop, nicolae_shop_hallway_stairs, shop, shop, serial_bayou_lagoon_a,
          uniq_eustachio, uniq_crazy_yiuf_cottage
D:5:      layout_loops_cross
D:6:      layout_loops_cross, amcnicky_altar_gilded, lemuel_doored_altar,
          vehumet_statue, uniq_maggie
D:7:      layout_rooms, minmay_temple_entry_offerings
D:8:      minmay_bloctagon_deflated, layout_rooms, led_xom_imps, enter_bailey_2
D:9:      layout_cave_pools, hellmonk_guarded_unrand_dark_maul
Temple:   nicolae_temple_superstar

Skill      XL: |  1  2  3  4  5  6  7  8  9 10 |
---------------+-------------------------------+-----
Fighting       | 1 2 3 4 5 6 |  6.8
Unarmed Combat | 4 5 6 7 8 10 11 | 11.9
Shapeshifting  | 4 5 6 7 |  7.5
Invocations    | 3 4 |  4.8
Throwing       | |  0.6
Dodging        | |  1.5

Action                     |  1- 3 |  4- 6 |  7- 9 | 10-12 || total
---------------------------+-------+-------+-------+-------++-------
  Melee: Unarmed           |    89 |    50 |   254 |    73 ||   466
         Punch             |     1 |     4 |    13 |     5 ||    23
  Throw: Javelin           |       |       |     1 |       ||     1
 Invoke: Heroism           |       |       |     2 |     1 ||     3
    Use: Scroll            |       |     2 |    11 |       ||    13
         Potion            |       |       |     3 |       ||     3
   Stab: Sleeping          |     1 |     2 |     2 |       ||     5
 Armour: Animal skin       |    29 |     6 |    20 |       ||    55
         Steam dragon scal |       |       |    49 |    11 ||    60
         Skin              |       |       |     9 |       ||     9
  Dodge: Dodged            |    34 |    22 |   116 |    36 ||   208
  Block: Other             |       |       |       |    18 ||    18
         Reflection        |       |       |       |     3 ||     3

Table legend: (Time is in decaauts)
 A = Elapsed time spent in this place.
 B = Non-inter-level travel time spent in this place.
 C = Inter-level travel time spent in this place.
 D = Time resting spent in this place.
 E = Time spent auto-exploring this place.
 F = Levels seen in this place.
 G = Mean time per level.
                   A        B        C        D        E       F      G
               +--------+--------+--------+--------+--------+-----+--------+
         Total |   6606 |   6275 |    331 |    574 |   4465 |  11 |  600.5 |
       Dungeon |   6068 |   5749 |    319 |    415 |   4326 |   9 |  674.2 |
        Temple |     30 |     18 |     12 |      0 |      0 |   1 |   30.0 |
        Bailey |    506 |    506 |      0 |    159 |    139 |   1 |  506.0 |
               +--------+--------+--------+--------+--------+-----+--------+

Top non-repeatable levels by time:
     D:4: 1135 daAuts
     D:3: 752 daAuts
     D:1: 711 daAuts
     D:6: 696 daAuts
     D:7: 669 daAuts
     D:8: 658 daAuts
     D:5: 643 daAuts
     D:2: 542 daAuts
  Bailey: 506 daAuts
     D:9: 258 daAuts
  Temple: 30 daAuts
